 Dungeon Crawl Stone Soup version 0.28-a0-779-g3d1f99b579 (webtiles) character file.

Game seed: 8093677945309592442

45 ytrimaz the Conjurer (level 3, -1/21 HPs)
             Began as an Octopode Conjurer on Nov 2, 2021.
             Slain by a goblin (3 damage)
             ... on level 2 of the Dungeon.
             The game lasted 00:02:57 (1824 turns).

ytrimaz the Conjurer (Octopode Conjurer)            Turns: 1824, Time: 00:02:57

Health: -1/21      AC:  1    Str:  3 (6)  XL:     3   Next: 64%
Magic:  0/6        EV: 13    Int: 19 (21) God:
Gold:   34         SH:  0    Dex:  7 (10) Spells: 5/6 levels left

rFire   . . .      SeeInvis +   c - +1 dagger (elec)
rCold   . . .      Faith    .   (no shield)
rNeg    . . .      Spirit   .   (helmet restricted)
rPois   .          Reflect  .   (no amulet)
rElec   .          Harm     .   n - ring of wizardry
rCorr   .          Rampage  .   m - ring of see invisible
Will    .....                   (no ring)
Stlth   +++.......              (no ring)
HPRegen 0.07/turn               (no ring)
MPRegen 0.10/turn               (no ring)
                                (no ring)
                                (no ring)

@: no status effects
A: almost no armour, amphibious, 8 rings, camouflage 1, gelatinous body 1,
(nimble swimmer 1), tentacles
a: no special abilities


You were on level 2 of the Dungeon.
You visited 1 branch of the dungeon, and saw 3 of its levels.

You collected 34 gold pieces.

Inventory:

Hand Weapons
 c - a +1 dagger of electrocution (weapon)
Missiles
 b - 24 poisoned darts
Jewellery
 k - an amulet of guardian spirit
 m - a ring of see invisible (right tentacle)
 n - a ring of wizardry (left tentacle)
Scrolls
 d - 2 scrolls of teleportation {unknown}
 f - a scroll of silence {unknown}
 h - a scroll of identify {unknown}
 i - a scroll of fog {unknown}
 p - a scroll of enchant weapon {unknown}
Potions
 e - a potion of magic {unknown}
 g - a potion of attraction {unknown}
 j - 2 potions of invisibility {unknown}
 l - a potion of haste {unknown}
 o - a potion of lignification {unknown}


   Skills:
 * Level 1.1 Throwing
 * Level 2.3 Dodging
 - Level 2.6 Stealth
 * Level 2.4 Spellcasting
 + Level 4.5 Conjurations


You had 5 spell levels left.
You knew the following spells:

 Your Spells              Type           Power      Damage    Failure   Level
a - Magic Dart            Conj           76%        1d6       1%          1

Your spell library contained the following spells:

 Spells                   Type           Power      Damage    Failure   Level
 Searing Ray              Conj           38%        2d5       1%          2
 Dazzling Flash           Conj/Hex       22%        N/A       8%          3
 Frozen Ramparts          Ice            4%         1d2       19%         3
 Fulminant Prism          Conj/Hex       5%         3d7       26%         4
 Iskenderun's Mystic Bla  Conj/Tloc      11%        2d4       26%         4
 Ice Form                 Ice/Tmut       2%         N/A       52%         4
 Summon Ice Beast         Ice/Summ       2%         N/A       52%         4


Dungeon Overview and Level Annotations

Branches:
Dungeon (3/15)

Altars:


Innate Abilities, Weirdness & Mutations

You cannot wear most types of armour.
You are amphibious.
You can wear up to eight rings at the same time.
Your skin changes colour to match your surroundings (Stealth+).
Your rubbery body absorbs attacks. (AC +1, EV +1)
((You are camouflaged near water. (Stealth+)))
You have tentacles for arms and can constrict up to eight enemies at once.


Message History

The adder is moderately wounded.
You feel sick. The adder closely misses you.
There are monsters nearby!
The magic dart hits the adder but does no damage.
The adder is moderately wounded.
You feel sick. The adder barely misses you. The adder bites you.
The magic dart hits the adder.
The adder is heavily wounded.
You feel sick. The adder barely misses you.
The magic dart hits the adder.
The adder is heavily wounded.
You feel sick. The adder completely misses you.
You are too depleted to draw on your mana recklessly!
Unknown command.
You feel sick.
You feel sick.
You are no longer poisoned.
The adder misses you.
Casting: Magic Dart (safe; 1% risk of failure)
Confirm with . or Enter, or press ? or * to list all spells.
Aiming: Magic Dart (safe; 1% risk of failure)
Press: ? - help, Shift-Dir - straight line, f/p - adder
Aim: an adder (heavily wounded, 100% to hit)
The magic dart hits the adder.
You kill the adder!
The goblin unwields a +0 dagger.
The goblin wields a +0 hunting sling.
The goblin shoots a stone.
The stone hits you.
* * * LOW HITPOINT WARNING * * *
Your Throwing skill increases to level 1!
The goblin shoots a stone.
The stone misses you.
The goblin unwields a +0 hunting sling.
The goblin wields a +0 dagger.
The goblin hits you with a +0 dagger.
* * * LOW HITPOINT WARNING * * *
It was a potion of degeneration.
There was something very wrong with that liquid.
You feel weakened.
You feel dopey.
You feel clumsy. The goblin closely misses you.
You closely miss the goblin. Your grab misses the goblin.
The goblin hits you with a +0 dagger.
You die...

#.#########......# #
#..###.# #..# #.#
#..# #.#############
#..# #.............#
#..###############.#
#..#.. #.#
#..#.######### #.#
#....g@......#
#.####
#..#.######....#
#..... #. #.# #.#
###### # #.# # #.# #
#.#### # #....# #
####.# #
#.###############


You could see a goblin.

Vanquished Creatures
  2 adders
  4 ball pythons
  An endoplasm (D:2)
  A giant cockroach (D:1)
  7 goblins
  3 hobgoblins (D:1)
  A quokka (D:2)
  A frilled lizard (D:2)
  2 kobolds (D:1)
  4 rats (D:1)
26 creatures vanquished.

Notes
Turn   | Place    | Note
-------+----------+-------------------------------------------
     0 | D:1      | ytrimaz the Octopode Conjurer began the quest for the Orb.
     0 | D:1      | Reached XP level 1. HP: 11/11 MP: 3/3
   218 | D:1      | Reached XP level 2. HP: 13/17 MP: 0/5
  1155 | D:2      | You fall into a shaft and drop 1 floor!
  1161 | D:3      | Reached XP level 3. HP: 11/21 MP: 2/6
  1821 | D:2      | Reached skill level 1 in Throwing
  1824 | D:2      | Slain by a goblin

Illustrated notes

Levels and vault maps discovered:
D:1:      mrwooster_arrival_statue_2, layout_basic, minmay_tetromino_l4
D:2:      layout_basic, dilly_ecumenical_altar_fadedgnrine,
          minmay_misc_feat_columns
D:3:      layout_rooms, dk_noncrumbling_4, chequers_avenue

Skill      XL: |  1  2  3 |
---------------+----------+-----
Throwing       | 1 |  1.1
Dodging        | |  2.3
Stealth        | |  2.6
Spellcasting   | |  2.4
Conjurations   | |  4.5

Action                   || total
-------------------------++-------
Melee: Dagger            ||     8
       Constrict         ||     1
Throw: Dart              ||    30
 Cast: Magic Dart        ||    34
  Use: Potion            ||     1
Armor: Skin              ||     2
Dodge: Dodged            ||    18

Table legend: (Time is in decaauts)
 A = Elapsed time spent in this place.
 B = Non-inter-level travel time spent in this place.
 C = Inter-level travel time spent in this place.
 D = Time resting spent in this place.
 E = Time spent auto-exploring this place.
 F = Levels seen in this place.
 G = Mean time per level.
                   A        B        C        D        E       F      G
               +--------+--------+--------+--------+--------+-----+--------+
         Total |   1822 |   1801 |     21 |    204 |   1374 |   3 |  607.3 |
       Dungeon |   1822 |   1801 |     21 |    204 |   1374 |   3 |  607.3 |
               +--------+--------+--------+--------+--------+-----+--------+

Top non-repeatable levels by time:
     D:1: 852 daAuts
     D:2: 751 daAuts
     D:3: 218 daAuts
